Cogmind - Beta 12 X6 @@@ ROGUE MODE // 2023.02.18 @ 11:13:14 // AFD2019/Pay2Buy Player: ArabianSandBoa Result: Destroyed by Y-64 Sentinel with Wave Gun Performance ------------- Evolutions (6) 3000 Regions Visited (19) 3800 Robots Destroyed (414) 2070 Value Destroyed (20063) 20063 Prototype IDs (29) 580 Alien Tech Used (0) 0 Bonus (12335) 12335 TOTAL SCORE: 41848 Bonus ------- Triggered High Security 500 High Alert Combat Kills 8395 Follower Combat Kills 1014 Entered Garrisons 600 Used RIF Installer 1000 Network Hubs Disabled 400 Aligned with FarCom 300 Met Zhirov 300 Read Decrypted Archives 300 Friendly Fire -474 Cogmind --------- Core Integrity 0/1150 Matter 254/300 Energy 100/100 System Corruption 9% Temperature Cool (9) Movement Core (50) Location -4/Garrison Parts ------- > --- POWER (2) -------- (None) > --- PROPULSION (5) --- (None) > --- UTILITY (8) ------ Experimental Terrain Scan Processor Advanced Melee Analysis Suite Relay Coupler [Grunt] (7) Relay Coupler [Duelist] (19) Relay Coupler [Sentry] (16) > --- WEAPON (4) ------- Makeshift Spear > --- INVENTORY (10) --- Long-range Terrain Scanner Improved Particle Charger Relay Coupler [NC] (24) Relay Coupler [NC] (29) Relay Coupler [Duelist] (25) Relay Coupler [Sentry] (15) Relay Coupler [Sentry] (26) Relay Coupler [Hunter] (18) Relay Coupler [Heavy] (13) Phasing Sabre Peak State ------------ > --- POWER ------------ Fusion Compressor > --- PROPULSION ------- Biomechanical Wings Field Propulsion Array > --- UTILITY ---------- Experimental Terrain Scan Processor Advanced Melee Analysis Suite Advanced Melee Analysis Suite Experimental Hacking Suite Relay Coupler [Grunt] > --- WEAPON ----------- Cooled Plasma Rifle Cooled Plasma Rifle Cooled Plasma Rifle Makeshift Hammer > --- INVENTORY -------- Long-range Terrain Scanner Improved Particle Charger Relay Coupler [Duelist] Relay Coupler [Sentry] Relay Coupler [Sentry] Improved Remote Datajack [Rating: 81] Favorites ----------- Power Cooled Deuterium Engine Engine Cooled Deuterium Engine Power Core Micro Fission Core Propulsion Advanced Treads Treads Advanced Treads Wheel Armored Huge Wheel Hover Unit Cooled Gravmag System Flight Unit Cooled VTOL Module Utility Advanced Targeting Computer Device Improved Cooling System Processor Advanced Targeting Computer Hackware Makeshift Hacking Suite Protection Medium Armor Plating Weapon Enhanced Autogun Energy Gun Gatling Laser Energy Cannon Cooled Plasma Cannon Ballistic Gun Enhanced Autogun Ballistic Cannon Antimatter Cannon Launcher Long-range Missile Launcher Special Weapon Remote Datajack Impact Weapon Impact Mace Slashing Weapon Makeshift Sword Piercing Weapon Makeshift Spear Special Melee Weapon Improved Datajack Build | -11 -10 -10 -9 -9 -9 -8 -8 -8 -7 -7 -7 -6 -6 -6 -6 -6 -5 -4 -4 ------- Run | Jun Mat Min Mat Min Exi Min Mat Gar Fac Gar Fac Fac Ext Cet Arc Hub Fac Fac Gar Slots Evolved 12 | . . . 2 . . . 2 . 2 . . 2 . . . . 2 2 . Power 1 | . . . . . . . . . . . . 1 . . . . . . . Propulsion 3 | . . . . . . . . . 1 . . . . . . . 2 . . Utility 6 | . . . 2 . . . . . 1 . . 1 . . . . . 2 . Weapon 2 | . . . . . . . 2 . . . . . . . . . . . . Parts Attached 138 | . 5 . 20 . . 1 9 16 6 4 3 1 26 4 3 17 10 1 12 Power 5 | . . . 2 . . . 1 2 . . . . . . . . . . . Engine 5 | . . . 2 . . . 1 2 . . . . . . . . . . . Core . | . . . . . . . . . . . . . . . . . . . . Reactor . | . . . . . . . . . . . . . . . . . . . . Propulsion 1 | . . . . . . . . . . . . . . . . . 1 . . Treads . | . . . . . . . . . . . . . . . . . . . . Leg . | . . . . . . . . . . . . . . . . . . . . Wheel . | . . . . . . . . . . . . . . . . . . . . Hover . | . . . . . . . . . . . . . . . . . . . . Flight 1 | . . . . . . . . . . . . . . . . . 1 . . Utility 31 | . 1 . 5 . . 1 . 2 4 1 1 . 8 . . . 3 . 5 Device 12 | . . . 2 . . 1 . 2 3 . 1 . . . . . 1 . 2 Storage . | . . . . . . . . . . . . . . . . . . . . Processor 3 | . 1 . 1 . . . . . 1 . . . . . . . . . . Hackware 13 | . . . . . . . . . . . . . 8 . . . 2 . 3 Protection 3 | . . . 2 . . . . . . 1 . . . . . . . . . Artifact . | . . . . . . . . . . . . . . . . . . . . Weapon 101 | . 4 . 13 . . . 8 12 2 3 2 1 18 4 3 17 6 1 7 Energy Gun 23 | . . . 1 . . . 1 . . . . . 10 . 2 1 3 1 4 Energy Cannon 2 | . . . . . . . . . . . 1 1 . . . . . . . Ballistic Gun 21 | . 2 . 6 . . . 5 7 1 . . . . . . . . . . Ballistic Cannon 3 | . 1 . 2 . . . . . . . . . . . . . . . . Launcher 2 | . . . . . . . . . . 1 1 . . . . . . . . Special Weapon 10 | . . . . . . . . . . 1 . . 3 1 . 2 1 . 2 Impact Weapon 21 | . 1 . 2 . . . 2 5 1 1 . . 2 2 . 3 2 . . Slashing Weapon 14 | . . . 2 . . . . . . . . . 1 1 1 9 . . . Piercing Weapon 5 | . . . . . . . . . . . . . 2 . . 2 . . 1 Special Melee Weapon . | . . . . . . . . . . . . . . . . . . . . Unidentified Prototypes . | . . . . . . . . . . . . . . . . . . . . Parts Lost 74 | . 2 . 4 . . 2 3 3 5 5 15 2 6 3 . 2 10 . 12 Power 10 | . 1 . 1 . . . . 1 . 1 1 . 2 . . 1 1 . 1 Propulsion 23 | . . . 2 . . 1 2 2 2 3 2 . 1 1 . . 4 . 3 Utility 21 | . 1 . 1 . . 1 1 . 1 1 5 1 2 1 . . 4 . 2 Weapon 20 | . . . . . . . . . 2 . 7 1 1 1 . 1 1 . 6 Highest Loss Streak 11 | . 1 . 1 . . 1 1 1 2 3 11 1 2 2 . 1 5 . 7 To Critical Strikes . | . . . . . . . . . . . . . . . . . . . . Average Slot Usage (%) 87 | . 97 100 99 100 100 99 98 99 98 97 78 33 67 50 43 51 65 36 35 Engine 7 | . 13 14 10 11 11 11 8 8 7 4 5 . 2 . . . . . . Treads 16 | . 26 28 21 22 22 21 17 17 22 21 4 5 . . . . . . . Flight 3 | . . . . . . . . . . . . 13 19 9 6 10 16 5 3 Device 12 | . . . 8 22 11 32 15 10 22 31 25 4 . 6 . . 1 5 . Processor 11 | . 17 28 17 11 22 11 8 . 7 3 3 6 8 13 13 14 19 15 12 Hackware 5 | . . . 6 . . . 4 24 . . . . 17 13 13 13 8 5 11 Protection 4 | . 10 . 10 11 11 . 5 1 5 2 2 . . . . . . . . Energy Gun 1 | . . . 4 . . . 5 . . . . . 3 5 2 . 4 . . Ballistic Gun 13 | . 15 28 15 22 22 22 27 28 21 2 . . . . . . . . . Ballistic Cannon 4 | . 8 . 1 . . . . . 5 20 13 . . . . . . . . Impact Weapon 2 | . 3 . . . . . 2 5 3 3 . 2 2 . . . 2 5 2 Naked Turns . | . . . . . . . . . . . . . . . . . . . . Heaviest Build 56 | 16 16 9 37 32 29 29 47 46 46 56 56 9 24 12 5 12 16 5 12 Greatest Support 84 | 23 46 46 46 44 44 44 50 56 84 84 56 16 26 10 7 16 22 6 21 Greatest Overweight (x) 6 | . . . . . . 1 2 1 . 1 1 . 6 1 . 1 . . . Average Overweight (x) . | . . . . . . . . . . . . . . . . . . . . Largest Inventory Capacity 10 | 10 10 10 10 10 10 10 10 10 10 10 10 10 10 10 10 10 10 10 10 Average Capacity 10 | 10 10 10 10 10 10 10 10 10 10 10 10 10 10 10 10 10 10 10 10 Most Carried 10 | . 9 10 10 10 10 10 10 10 10 10 10 10 10 10 10 10 9 8 10 Average Carried 8 | . 4 9 9 9 10 10 9 9 9 9 9 9 7 8 8 9 7 7 8 Final Capacity 10 | 10 10 10 10 10 10 10 10 10 10 10 10 10 10 10 10 10 10 10 10 Final Carried 10 | . 9 10 8 10 10 10 10 10 10 10 10 10 8 10 10 8 8 8 10 Class Distribution -------------------- 55% | Mutant 9% | Bothacker-Mutant 8% | Gunner 6% | Bothacker-Sprinter 5% | Hacker-Skirmisher 4% | Tank Dominant Class ---------------- Mutant | -10/Materials Mutant | -10/Mines Mutant | -9/Materials Mutant | -9/Mines Mutant | -9/Exiles Mutant | -8/Mines Gunner | -8/Materials Hacker-Skirmisher | -8/Garrison Mutant | -7/Factory Gunner | -7/Garrison Bothacker-Mutant | -7/Factory Mutant | -6/Factory Bothacker-Sprinter | -6/Extension Bothacker-Mutant | -6/Cetus Bothacker-Mutant | -6/Archives Bothacker-Mutant | -6/Hub_04(d) Bothacker-Sprinter | -5/Factory Scout | -4/Factory Mutant | -4/Garrison Resources | -11 -10 -10 -9 -9 -9 -8 -8 -8 -7 -7 -7 -6 -6 -6 -6 -6 -5 -4 -4 ----------- Run | Jun Mat Min Mat Min Exi Min Mat Gar Fac Gar Fac Fac Ext Cet Arc Hub Fac Fac Gar Matter Collected 11402 | . 1248 172 1451 12 . 803 1495 1356 1832 1186 938 . 312 . 37 . 120 . 440 Remotely 1382 | . . . . . . . . . . 590 792 . . . . . . . . Salvage Created 15521 | . 1276 393 2415 25 . 1360 2359 1397 2496 596 1915 8 671 . 76 . 146 20 368 Parts . | . . . . . . . . . . . . . . . . . . . . Haulers Intercepted 8 | . 1 . 3 . . . 2 . 1 . 1 . . . . . . . . Recyclers Shooed 3 | . . . . 1 . 2 . . . . . . . . . . . . . Parts Field Recycled . | . . . . . . . . . . . . . . . . . . . . Retrieved Matter . | . . . . . . . . . . . . . . . . . . . . Parts Self-Destructed . | . . . . . . . . . . . . . . . . . . . . Prevented . | . . . . . . . . . . . . . . . . . . . . Kills | -11 -10 -10 -9 -9 -9 -8 -8 -8 -7 -7 -7 -6 -6 -6 -6 -6 -5 -4 -4 ------- Run | Jun Mat Min Mat Min Exi Min Mat Gar Fac Gar Fac Fac Ext Cet Arc Hub Fac Fac Gar Combat Hostiles Destroyed 300 | . 19 4 51 2 . 16 38 25 41 27 55 . 8 . . . 3 . 11 Melee 11 | . . . . . . . 3 . 1 . . . 3 . . . . . 4 Guns 190 | . 14 4 51 2 . 16 34 23 36 2 . . 4 . . . . . 4 Cannons 50 | . 5 . . . . . . . 4 25 16 . . . . . . . . AOE 43 | . . . . . . . . 2 . . 37 . . . . . 3 . 1 Classes Destroyed 17 | . 9 . 3 . . 2 . 2 1 . . . . . . . . . . Worker 35 | . 13 . 1 . . 1 3 . 9 . 5 . . . . . 2 1 . Builder 20 | . 7 . . . . 1 3 . 4 . 1 1 2 . . . 1 . . Tunneler 6 | . 1 2 . . . 1 2 . . . . . . . . . . . . Hauler 8 | . 1 . 3 . . . 2 . 1 . 1 . . . . . . . . Recycler 22 | . 1 3 3 . . 6 . . 5 . 3 . 1 . . . . . . Mechanic 7 | . . . 1 . . . 2 . . . 4 . . . . . . . . Operator 6 | . 1 . . . . . 3 . 1 . 1 . . . . . . . . Watcher 18 | . 3 . 5 . . . 4 . 3 . 3 . . . . . . . . Swarmer 48 | . 3 4 14 2 . . . . 3 7 5 . . . . . 1 . 9 Cutter 3 | . . . . . . . . 3 . . . . . . . . . . . Grunt 167 | . 16 . 25 . . 14 29 9 24 10 30 . 7 . . . 1 . 2 Brawler 8 | . . . 3 . . . . 1 1 . 3 . . . . . . . . Duelist 13 | . . . . . . 1 1 . 2 . 8 . . . . . 1 . . Protector 4 | . . . . . . . . . 2 . 2 . . . . . . . . Sentry 41 | . . . 9 . . . 7 9 2 8 5 . 1 . . . . . . Hunter 6 | . . . . . . 1 1 . 2 1 . . 1 . . . . . . Programmer 11 | . . . . . . . . 3 5 1 2 . . . . . . . . Thug 1 | . . 1 . . . . . . . . . . . . . . . . . Best Kill Streak 38 | . 6 3 9 2 . 4 14 7 8 5 38 1 3 . . . 2 1 3 Combat Bots Only 35 | . 6 3 8 2 . 3 14 7 5 5 35 . 3 . . . 2 . 3 Max Kills in Single Turn 6 | . 1 1 2 1 . 2 2 2 4 2 6 1 2 . . . 2 1 1 Gunslinging 1 | . . . 1 . . 1 . 1 1 . . . 1 . . . . . . Exploded 5 | . . . . . . . . 1 . . 5 . . . . . 2 . 1 Melee 1 | . . . . . . . 1 . 1 . . . 1 . . . . . 1 Uniques/NPCs Destroyed . | . . . . . . . . . . . . . . . . . . . . Combat | -11 -10 -10 -9 -9 -9 -8 -8 -8 -7 -7 -7 -6 -6 -6 -6 -6 -5 -4 -4 -------- Run | Jun Mat Min Mat Min Exi Min Mat Gar Fac Gar Fac Fac Ext Cet Arc Hub Fac Fac Gar Damage Taken 16409 | . 566 24 1311 78 . 420 1387 1098 1810 1546 3245 109 824 260 86 475 1057 65 2048 Core 3876 | . 96 9 204 13 . 54 187 184 224 182 241 5 290 102 51 353 512 44 1125 Absorbed by Shields 262 | . . . 105 33 . 48 . . 51 . . . 15 . . . . . 10 Core Remaining (%) 40 | 100 . 58 . . . 32 . 32 . . 7 . . . . 5 48 . . Volleys Fired 1282 | . 178 46 198 13 . 72 175 87 173 85 147 3 25 1 3 5 50 2 19 Largest 4 | . 2 2 2 2 . 2 4 4 4 3 3 1 4 1 2 1 1 1 3 Hottest 210 | . 78 46 128 50 . 50 155 100 156 120 210 72 144 7 48 72 72 72 72 Shots Fired 2563 | . 282 92 354 26 . 144 439 278 428 213 185 3 36 1 6 5 49 2 20 Gun 1986 | . 201 92 338 26 . 144 439 275 364 20 . 1 20 . 6 2 45 2 11 Cannon 498 | . 81 . 16 . . . . . 64 183 152 2 . . . . . . . Launcher 42 | . . . . . . . . 3 . 2 33 . . . . . . . 4 Special 37 | . . . . . . . . . . 8 . . 16 1 . 3 4 . 5 Kinetic 2232 | . 282 92 318 26 . 144 358 275 428 203 106 . . . . . . . . Thermal 252 | . . . 36 . . . 81 . . . 46 3 20 . 6 2 45 2 11 Explosive 42 | . . . . . . . . 3 . 2 33 . . . . . . . 4 Electromagnetic . | . . . . . . . . . . . . . . . . . . . . Robot Hit Streak 31 | . 19 31 31 5 . 25 15 21 13 11 12 . 22 6 7 5 9 . 13 Robot Miss Streak 7 | . 4 1 4 3 . 3 5 6 7 3 3 . 2 . 1 . . . 2 Penetration Max 1 | . . . . . . . . . 1 1 . . . . . . . . . Secondary Targets 27 | . 3 1 3 . . 4 3 8 4 . . . 1 . . . . . . Max Gunslinging Chain 1 | . 1 1 1 . . 1 1 1 1 . . . 1 . . . . . . Shots Hit Robots 1374 | . 118 22 190 14 . 101 238 133 222 112 103 1 79 1 7 5 4 . 24 Core Hits 675 | . 54 11 90 2 . 45 114 53 120 39 112 . 9 . 2 . 6 2 16 Critical Kills 17 | . 1 . 1 . . . 1 . 13 . 1 . . . . . . . . Critical Parts Destroyed 19 | . 1 . 1 . . 1 . 3 11 . . . 2 . . . . . . Critical Strikes 46 | . 2 . 2 . . 1 1 3 26 4 5 . 2 . . . . . . Meltdown 1 | . . . . . . . . . . . 1 . . . . . . . . Destroy 30 | . 2 . 2 . . 1 1 . 24 . . . . . . . . . . Blast 9 | . . . . . . . . . 1 4 4 . . . . . . . . Smash 6 | . . . . . . . . 3 1 . . . 2 . . . . . . Melee Attacks 411 | . 8 . 5 . . . 18 35 27 16 . 21 90 5 10 63 58 8 47 Impact 237 | . 8 . 3 . . . 18 35 27 16 . 21 23 3 . . 41 8 34 Slashing 108 | . . . 2 . . . . . . . . . 18 2 10 59 17 . . Piercing 31 | . . . . . . . . . . . . . 14 . . 4 . . 13 Sneak Attacks 39 | . 2 . . . . . 1 . . . . 1 34 . . 1 . . . Combat Hostiles 4 | . . . . . . . . . . . . . 4 . . . . . . Follow-up Attacks 3 | . . . . . . . . . . . . . 2 . . 1 . . . Damage Inflicted 40400 | . 2081 424 3314 250 . 1963 4852 3208 5888 4349 9307 76 1575 . 384 112 1201 73 1343 Guns 19386 | . 1516 359 3273 250 . 1963 4292 2252 4282 252 . . 546 . 118 . . . 283 Cannons 8873 | . 401 . 41 . . . . . 1090 4097 3244 . . . . . . . . Explosions 8570 | . . 64 . . . . . 509 384 . 6063 . . . . . 1201 73 276 Melee 3437 | . 164 . . . . . 560 447 117 . . 76 1029 . 266 112 . . 666 Ramming 134 | . . 1 . . . . . . 15 . . . . . . . . . 118 Kinetic 23999 | . 1917 359 2732 250 . 1963 2995 2252 5372 4349 1810 . . . . . . . . Thermal 6221 | . . 64 582 . . . 1297 . 384 . 2028 . 546 . 118 . 919 . 283 Explosive 6454 | . . . . . . . . 509 . . 5469 . . . . . 200 . 276 Electromagnetic 155 | . . . . . . . . . . . . . . . . . 82 73 . Impact 2465 | . 164 . . . . . 560 447 117 . . 76 659 . . . . . 442 Slashing 542 | . . . . . . . . . . . . . 164 . 266 112 . . . Piercing 430 | . . . . . . . . . . . . . 206 . . . . . 224 Highest Corruption 9 | . . . . . . . 5 3 1 2 5 . . . . 2 9 . 9 Average Corruption 3 | . . . . . . . 3 2 1 1 3 . . . . 1 5 . 8 Corruption Purged 5 | . . . . . . . 5 . . . . . . . . . . . . Corruption Blocked . | . . . . . . . . . . . . . . . . . . . . Effects 88 | . . . . . . . 7 19 . 19 15 . . . . 4 10 . 14 Message Errors 14 | . . . . . . . 2 2 . 4 3 . . . . 1 2 . . Matter Fused 24 | . . . . . . . . 8 . 6 2 . . . . 1 2 . 5 Heat Flow Errors 14 | . . . . . . . 1 1 . . 6 . . . . . 2 . 4 Energy Discharges 9 | . . . . . . . . 2 . 3 . . . . . 1 1 . 2 Parts Rejected 2 | . . . . . . . 1 . . . . . . . . 1 . . . Data Loss (minor) 11 | . . . . . . . . 3 . 2 1 . . . . . 3 . 2 Data Loss (major) 3 | . . . . . . . . 1 . 1 . . . . . . . . 1 Misfires 2 | . . . . . . . . 1 . 1 . . . . . . . . . Alerts 3 | . . . . . . . . . . 2 1 . . . . . . . . Weapon Failures 6 | . . . . . . . 3 1 . . 2 . . . . . . . . Overload Shots 54 | . . . . . . . . . . . 2 1 6 . . 1 36 2 6 Effects 5 | . . . . . . . . . . . . . 1 . . . 3 . 1 Energy Bleed 3 | . . . . . . . . . . . . . 1 . . . 1 . 1 Heat Surge 2 | . . . . . . . . . . . . . . . . . 2 . . Overflow Damage 1831 | . 98 . 12 . . . 57 268 91 131 388 36 448 . 42 6 238 . 16 Projectiles 339 | . 14 . . . . . . . 13 131 181 . . . . . . . . Explosions 495 | . . . 12 . . . . . 38 . 207 . . . . . 238 . . Melee 997 | . 84 . . . . . 57 268 40 . . 36 448 . 42 6 . . 16 Knockbacks 78 | . 2 . . . . . 2 2 26 23 13 1 6 . . . . . 3 Impact 15 | . 2 . . . . . 2 1 . . . 1 6 . . . . . 3 Kinetic 58 | . . . . . . . . . 23 22 13 . . . . . . . . Secondary 5 | . . . . . . . . 1 3 1 . . . . . . . . . Self-Inflicted Damage 717 | . 41 . 21 . . . 49 . 209 18 195 . . . . . 60 . 124 Shots 15 | . 1 . 1 . . . 1 . 5 1 4 . . . . . 1 . 1 Rammed 34 | . . 1 . . . . . . . . . . . . . . . . 33 Targets Rammed 35 | . . 1 . . . . . . 1 . . . . . . . . . 33 Kicked . | . . . . . . . . . . . . . . . . . . . . Crushed 1 | . . . . . . . . . 1 . . . . . . . . . . Highest Temperature 432 | . 135 . 381 104 . 213 370 432 242 196 343 12 165 . . 9 244 . 213 Average Temperature 69 | . 38 . 59 43 . 57 88 143 66 36 108 11 73 . . 9 40 . 80 Received Heat Transfer 5444 | . 258 . 466 . . 216 774 495 679 408 1344 30 261 36 27 153 126 9 162 Effects 8 | . . . 2 . . . 3 1 . . 2 . . . . . . . . Shutdowns 1 | . . . . . . . . 1 . . . . . . . . . . . Energy Bleed 1 | . . . . . . . . . . . 1 . . . . . . . . Interference 4 | . . . 2 . . . 2 . . . . . . . . . . . . Short Circuit 2 | . . . . . . . 1 . . . 1 . . . . . . . . Siege Activations . | . . . . . . . . . . . . . . . . . . . . Robots Corrupted . | . . . . . . . . . . . . . . . . . . . . Combat Hostiles . | . . . . . . . . . . . . . . . . . . . . Parts Fried . | . . . . . . . . . . . . . . . . . . . . Impact Corruptions 32 | . 4 . . . . . 3 5 2 . . 1 14 . . . . . 3 Robots Melted 2 | . . . . . . . . . . . 2 . . . . . . . . Combat Hostiles 2 | . . . . . . . . . . . 2 . . . . . . . . Parts Melted 1 | . . . . . . . . . . . 1 . . . . . . . . Heat Transferred 8987 | . . 100 1175 . . . 2652 . 250 . 2360 . 980 . 250 . 750 . 470 Parts Sabotaged . | . . . . . . . . . . . . . . . . . . . . Parts Stolen . | . . . . . . . . . . . . . . . . . . . . Parts Stripped . | . . . . . . . . . . . . . . . . . . . . Power Chain Reactions . | . . . . . . . . . . . . . . . . . . . . Missiles Intercepted . | . . . . . . . . . . . . . . . . . . . . Alert | -11 -10 -10 -9 -9 -9 -8 -8 -8 -7 -7 -7 -6 -6 -6 -6 -6 -5 -4 -4 ------- Run | Jun Mat Min Mat Min Exi Min Mat Gar Fac Gar Fac Fac Ext Cet Arc Hub Fac Fac Gar Peak Influence 4066 | . 677 452 1955 832 . 358 1122 1970 2788 3094 4066 2192 1553 870 444 1215 3066 1583 1591 Initial 1999 | . . 253 126 737 . . 97 729 1033 1951 1624 1999 1035 834 344 155 586 1444 1085 Average 1230 | . 505 383 1056 808 . 152 328 1353 1763 2560 2762 1987 1336 843 410 528 1924 1521 1411 Maximum Alert Level 5 | . 2 2 5 3 . 1 4 5 5 5 5 5 4 3 2 4 5 4 4 Low Security (%) 9 | 100 9 . 2 . . 60 38 . . . . . . . . 18 . . . Level 1 11 | . 11 42 8 . . 39 38 . . . . . . . 36 33 . . . Level 2 16 | . 78 57 18 . . . 8 . . . . . . . 64 16 7 . . Level 3 10 | . . . 27 100 . . 13 26 7 . . . 5 100 . 20 5 . 3 Level 4 22 | . . . 23 . . . 1 44 37 . . . 94 . . 10 10 100 96 Level 5 27 | . . . 19 . . . . 28 54 100 38 100 . . . . 75 . . High Security 2 | . . . . . . . . . . . 61 . . . . . . . . Max Security . | . . . . . . . . . . . . . . . . . . . . Sterilizations 1 | . . . 1 . . . . . . . . . . . . . . . . Squads Dispatched 114 | . 8 . 9 . . 1 12 . 17 . 21 15 8 . . 10 11 2 . Investigation 51 | . 7 . 7 . . 1 5 . 4 . . 11 5 . . 6 4 1 . Extermination 6 | . . . . . . . . . 3 . 1 1 . . . . 1 . . Reinforcement 18 | . 1 . . . . . 3 . 5 . 3 2 . . . 2 1 1 . Assault 32 | . . . 2 . . . 1 . 4 . 15 1 3 . . 2 4 . . Garrison 7 | . . . . . . . 3 . 1 . 2 . . . . . 1 . . Intercept . | . . . . . . . . . . . . . . . . . . . . Searches Triggered . | . . . . . . . . . . . . . . . . . . . . Construction Impeded 7 | . . . . . . . 1 . 3 . 2 1 . . . . . . . Haulers Reinforced . | . . . . . . . . . . . . . . . . . . . . Active Scanning Responses . | . . . . . . . . . . . . . . . . . . . . Cargo Convoy Interrupts . | . . . . . . . . . . . . . . . . . . . . Stealth | -11 -10 -10 -9 -9 -9 -8 -8 -8 -7 -7 -7 -6 -6 -6 -6 -6 -5 -4 -4 --------- Run | Jun Mat Min Mat Min Exi Min Mat Gar Fac Gar Fac Fac Ext Cet Arc Hub Fac Fac Gar Distress Signals 22 | . 4 1 1 . . . 3 . . . 2 3 1 2 . 2 1 2 . Communications Jammed . | . . . . . . . . . . . . . . . . . . . . Distress Signals . | . . . . . . . . . . . . . . . . . . . . Times Spotted 607 | . 27 5 60 3 . 16 48 29 55 29 96 25 64 6 11 45 54 11 23 Peak Tracking Total 26 | . 5 2 6 3 . 3 7 6 6 7 18 9 11 10 17 15 26 8 6 Tactical Retreats 58 | . 2 . 2 1 . . 1 1 2 1 3 8 11 . . 8 12 1 5 Traps | -11 -10 -10 -9 -9 -9 -8 -8 -8 -7 -7 -7 -6 -6 -6 -6 -6 -5 -4 -4 ------- Run | Jun Mat Min Mat Min Exi Min Mat Gar Fac Gar Fac Fac Ext Cet Arc Hub Fac Fac Gar Traps Triggered 31 | . 1 . 3 . . . 2 3 2 3 1 3 4 . . . 3 1 5 Indirectly 1 | . . . . . . . . . . . . . . . . . . 1 . Trap Hack Attempts . | . . . . . . . . . . . . . . . . . . . . Triggered . | . . . . . . . . . . . . . . . . . . . . Disarmed . | . . . . . . . . . . . . . . . . . . . . Reprogrammed 17 | . 6 . 6 . . . . . 5 . . . . . . . . . . Reused 8 | . 6 . 1 . . . . . 1 . . . . . . . . . . Traps Extracted . | . . . . . . . . . . . . . . . . . . . . Installed . | . . . . . . . . . . . . . . . . . . . . Triggered 9 | . 6 . 1 . . . . . 1 . . . . . . . 1 . . Machines | -11 -10 -10 -9 -9 -9 -8 -8 -8 -7 -7 -7 -6 -6 -6 -6 -6 -5 -4 -4 ---------- Run | Jun Mat Min Mat Min Exi Min Mat Gar Fac Gar Fac Fac Ext Cet Arc Hub Fac Fac Gar Machines Disabled 365 | . 21 13 41 2 . 4 23 7 53 8 40 1 12 3 6 36 82 8 5 Max in Single Turn 12 | . 1 4 2 1 . 1 2 2 12 1 9 1 1 1 1 1 6 4 2 Garrison Access 3 | . . . . . . . . . . . 1 . . . . 1 1 . . Garrison Relay 11 | . . . . . . . . 4 . 5 . . . . . . . . 2 Network Hub 2 | . . . . . . . . . . . . . . . . 2 . . . Machines Repaired 16 | . 3 . 4 . . 1 2 . . . . 4 . . . 1 . 1 . Machines Sabotaged . | . . . . . . . . . . . . . . . . . . . . Overloaded Fab Kills . | . . . . . . . . . . . . . . . . . . . . Hacking | -11 -10 -10 -9 -9 -9 -8 -8 -8 -7 -7 -7 -6 -6 -6 -6 -6 -5 -4 -4 --------- Run | Jun Mat Min Mat Min Exi Min Mat Gar Fac Gar Fac Fac Ext Cet Arc Hub Fac Fac Gar Machines Accessed 78 | . 6 . 10 1 . 1 6 4 8 3 1 11 6 1 1 9 7 2 1 Terminals 63 | . 6 . 8 . . 1 4 4 6 3 1 9 6 1 . 8 4 1 1 Fabricators . | . . . . . . . . . . . . . . . . . . . . Repair Stations . | . . . . . . . . . . . . . . . . . . . . Recycling Units . | . . . . . . . . . . . . . . . . . . . . Scanalyzers 7 | . . . 2 . . . 1 . 1 . . 1 . . . . 2 . . Garrison Access 6 | . . . . . . . 1 . 1 . . 1 . . . 1 1 1 . Total Hacks 260 | . 23 . 37 1 . 5 18 12 14 7 2 37 16 3 25 25 24 8 3 Successful 147 | . 14 . 21 1 . 3 10 8 7 2 . 23 6 1 25 10 12 3 1 Failed 111 | . 8 . 16 . . 2 7 4 7 5 2 14 10 2 . 15 12 5 2 Catastrophic 19 | . 2 . 2 . . . 1 . 3 2 . 1 . . . 4 2 1 1 Database Lockouts 2 | . 1 . . . . . 1 . . . . . . . . . . . . Manual 149 | . 23 . 35 . 1 4 13 5 10 1 2 26 6 . . 8 14 1 . Terminals 208 | . 23 . 34 . . 5 15 12 11 7 2 32 16 3 . 24 14 7 3 Fabricators . | . . . . . . . . . . . . . . . . . . . . Repair Stations . | . . . . . . . . . . . . . . . . . . . . Recycling Units . | . . . . . . . . . . . . . . . . . . . . Scanalyzers 10 | . . . 3 . . . 1 . 1 . . 2 . . . . 3 . . Garrison Access 16 | . . . . . . . 2 . 2 . . 3 . . . 1 7 1 . Terminal Hacks 74 | . 3 . 5 1 . 1 4 4 2 2 . 11 2 1 25 5 6 1 1 Record 26 | . . . . . . . . . . . . 1 . . 25 . . . . Robot Analysis 5 | . 1 . 1 . . . 2 . . . . . . . . . 1 . . Open Door 5 | . . . . 1 . . . 1 . . . . 1 1 . . . . 1 Open DSF 3 | . . . . . . . . . . . . 2 . . . . 1 . . Level Access Points 1 | . . . . . . . . . . . . . . . . . 1 . . Branch Access Points 1 | . . . . . . . . . . . . . . . . . 1 . . Emergency Access Points 6 | . . . . . . . . 1 . . . 3 . . . 2 . . . Terminal Index 1 | . . . 1 . . . . . . . . . . . . . . . . Alert Level 2 | . . . . . . . . . 1 . . 1 . . . . . . . Unreport Threat 8 | . . . 1 . . . 2 . . . . 2 1 . . . 1 1 . Locate Traps 3 | . . . . . . . . . . . . 2 . . . . 1 . . Reprogram Traps 5 | . 2 . 2 . . . . . 1 . . . . . . . . . . Zone Layout 4 | . . . . . . 1 . . . . . . . . . 3 . . . Garrison Registry 2 | . . . . . . . . 1 . 1 . . . . . . . . . Patrol Navigation 2 | . . . . . . . . 1 . 1 . . . . . . . . . Fabricator Hacks . | . . . . . . . . . . . . . . . . . . . . Repair Station Hacks . | . . . . . . . . . . . . . . . . . . . . Recycling Unit Hacks . | . . . . . . . . . . . . . . . . . . . . Scanalyzer . | . . . . . . . . . . . . . . . . . . . . Garrison Access Hacks 6 | . . . . . . . 1 . 1 . . 1 . . . 1 1 1 . Unlock Access 6 | . . . . . . . 1 . 1 . . 1 . . . 1 1 1 . Unauthorized Hacks 67 | . 11 . 16 . . 2 5 4 4 . . 11 4 . . 4 5 1 . Terminals 55 | . 11 . 14 . . 2 3 4 2 . . 8 4 . . 4 2 1 . Botnet 17 | . 4 . 2 . . . 1 2 2 . . 3 . . . 1 2 . . Detonate 7 | . 1 . 5 . . 1 . . . . . . . . . . . . . Sabotage 31 | . 6 . 7 . . 1 2 2 . . . 5 4 . . 3 . 1 . Fabricators . | . . . . . . . . . . . . . . . . . . . . Repair Stations . | . . . . . . . . . . . . . . . . . . . . Recycling Units . | . . . . . . . . . . . . . . . . . . . . Scanalyzers 7 | . . . 2 . . . 1 . 1 . . 1 . . . . 2 . . Extract 7 | . . . 2 . . . 1 . 1 . . 1 . . . . 2 . . Garrison Access 5 | . . . . . . . 1 . 1 . . 2 . . . . 1 . . Reprogram 1 | . . . . . . . . . . . . 1 . . . . . . . Eject 4 | . . . . . . . 1 . 1 . . 1 . . . . 1 . . Data Cores Recovered . | . . . . . . . . . . . . . . . . . . . . Used . | . . . . . . . . . . . . . . . . . . . . Hacking Detections 58 | . 6 . 6 . . . 3 4 6 3 1 11 4 1 . 8 4 1 . Full Trace Events 14 | . . . 1 . . . 2 1 2 1 . 2 1 . . 3 1 . . Feedback Events 1 | . . . . . . . 1 . . . . . . . . . . . . Corruption 1 | . . . . . . . 1 . . . . . . . . . . . . Feedback Blocked . | . . . . . . . . . . . . . . . . . . . . Robot Schematics Acquired . | . . . . . . . . . . . . . . . . . . . . Robots Built . | . . . . . . . . . . . . . . . . . . . . Authchips . | . . . . . . . . . . . . . . . . . . . . Time . | . . . . . . . . . . . . . . . . . . . . Total Robot Build Rating . | . . . . . . . . . . . . . . . . . . . . Part Schematics Acquired 14 | . . . 5 . . . 2 . 3 . . 1 . . . . 3 . . Parts Built . | . . . . . . . . . . . . . . . . . . . . Authchips . | . . . . . . . . . . . . . . . . . . . . Time . | . . . . . . . . . . . . . . . . . . . . Total Part Build Rating . | . . . . . . . . . . . . . . . . . . . . Parts Repaired . | . . . . . . . . . . . . . . . . . . . . Time . | . . . . . . . . . . . . . . . . . . . . Parts Recycled . | . . . . . . . . . . . . . . . . . . . . Recycled Matter . | . . . . . . . . . . . . . . . . . . . . Retrieved Matter . | . . . . . . . . . . . . . . . . . . . . Retrieved Components . | . . . . . . . . . . . . . . . . . . . . Parts Scanalyzed . | . . . . . . . . . . . . . . . . . . . . Part Schematics Acquired . | . . . . . . . . . . . . . . . . . . . . Parts Damaged . | . . . . . . . . . . . . . . . . . . . . Bothacking | -11 -10 -10 -9 -9 -9 -8 -8 -8 -7 -7 -7 -6 -6 -6 -6 -6 -5 -4 -4 ------------ Run | Jun Mat Min Mat Min Exi Min Mat Gar Fac Gar Fac Fac Ext Cet Arc Hub Fac Fac Gar Used RIF Installer 2 | . . . . . . . . 1 . 1 . . . . . . . . . Hotswap 1 | . . . . . . . . . . 1 . . . . . . . . . Robots Hacked 17 | . . . . . . . . . . . . . 9 1 . 2 3 . 2 Non-combat 1 | . . . . . . . . . . . . . . . . . 1 . . Combat 16 | . . . . . . . . . . . . . 9 1 . 2 2 . 2 Robot Hacks Applied 25 | . . . . . . . . . . . . . 16 1 . 2 4 . 2 parse_system 2 | . . . . . . . . . . . . . 1 1 . . . . . no_distress 1 | . . . . . . . . . . . . . . . . . 1 . . find_chute 1 | . . . . . . . . . . . . . . . . . 1 . . scatter_targeting 3 | . . . . . . . . . . . . . 3 . . . . . . spike_heat 5 | . . . . . . . . . . . . . 5 . . . . . . disable_weapons 1 | . . . . . . . . . . . . . 1 . . . . . . overwrite_iff 4 | . . . . . . . . . . . . . 1 . . 1 1 . 1 formatsys_high 8 | . . . . . . . . . . . . . 5 . . 1 1 . 1 Relay Couplers Released 64 | . . . . . . . 4 15 3 22 5 4 . . . 1 3 . 7 Ejected 14 | . . . . . . . 4 . 3 . . 4 . . . . 3 . . Machine Destruction 46 | . . . . . . . . 15 . 22 1 . . . . 1 . . 7 Programmers 4 | . . . . . . . . . . . 4 . . . . . . . . Attached 13 | . . . . . . . . . . . . . 8 . . . 2 . 3 Fabnet Peak Effective % . | . . . . . . . . . . . . . . . . . . . . Robots Rewired 20 | . . . . . . . . . . 3 . . 17 . . . . . . Allies Hacked . | . . . . . . . . . . . . . . . . . . . . Hacks Repelled . | . . . . . . . . . . . . . . . . . . . . Allies | -11 -10 -10 -9 -9 -9 -8 -8 -8 -7 -7 -7 -6 -6 -6 -6 -6 -5 -4 -4 -------- Run | Jun Mat Min Mat Min Exi Min Mat Gar Fac Gar Fac Fac Ext Cet Arc Hub Fac Fac Gar Total Allies 39 | . . 2 . . . . . 2 . 3 . 3 23 . . 2 2 . 2 Largest Group 13 | . . 2 . . . . . 2 2 3 . 3 13 . . 1 1 . 1 Highest-Rated Group 355 | . . 42 . . . . . 40 40 93 . 87 355 . . 32 30 . 58 Highest-Rated Ally 85 | . . 31 . . . . . 20 20 31 . 29 85 . . 32 30 . 58 Total Orders 2 | . . . . . . . . . . . . . 2 . . . . . . STAY 1 | . . . . . . . . . . . . . 1 . . . . . . FOLLOW 1 | . . . . . . . . . . . . . 1 . . . . . . Ally Attacks 223 | . . 6 . . . . . 2 4 20 . 12 159 . . 4 7 . 9 Total Damage 5289 | . . 85 . . . . . 55 75 253 . 190 4104 . . 174 91 . 262 Kills 33 | . . 2 . . . . . 1 1 1 . 1 24 . . 1 . . 2 Allies Corrupted 2 | . . . . . . . . . . . . . 1 . . . 1 . . Allies Melted 2 | . . . . . . . . . . . . 1 . . . 1 . . . Intel | -11 -10 -10 -9 -9 -9 -8 -8 -8 -7 -7 -7 -6 -6 -6 -6 -6 -5 -4 -4 ------- Run | Jun Mat Min Mat Min Exi Min Mat Gar Fac Gar Fac Fac Ext Cet Arc Hub Fac Fac Gar Robot Analysis Total 5 | . 1 . 1 . . . 2 . . . . . . . . . 1 . . Derelict Logs Recovered . | . . . . . . . . . . . . . . . . . . . . Drone Launches . | . . . . . . . . . . . . . . . . . . . . Drone Recoveries . | . . . . . . . . . . . . . . . . . . . . Exploration | -11 -10 -10 -9 -9 -9 -8 -8 -8 -7 -7 -7 -6 -6 -6 -6 -6 -5 -4 -4 ------------- Run | Jun Mat Min Mat Min Exi Min Mat Gar Fac Gar Fac Fac Ext Cet Arc Hub Fac Fac Gar Turns Passed 18289 | 29 2257 942 2071 307 294 1233 1303 1395 1834 1587 810 672 1265 95 75 438 812 84 786 Spaces Moved 12034 | 19 992 496 950 190 203 735 436 649 829 713 389 1037 1528 201 100 459 1282 139 687 Core 365 | . . . . . . . . . . . . . 15 . . . . . 350 Treads 6175 | 19 992 496 950 190 203 735 436 649 829 634 42 . . . . . . . . Legs . | . . . . . . . . . . . . . . . . . . . . Wheels 346 | . . . . . . . . . . 79 267 . . . . . . . . Hover 129 | . . . . . . . . . . . . . . . . . . . 129 Flight 5019 | . . . . . . . . . . . 80 1037 1513 201 100 459 1282 139 208 Fastest Speed 23 | 160 160 160 145 145 145 145 145 152 160 115 52 23 26 32 32 30 27 40 37 Average Speed 100 | 160 160 160 148 145 145 145 177 156 160 155 106 50 29 37 34 33 30 40 46 Slowest Speed 350 | 160 160 160 160 145 145 225 305 225 160 160 160 52 350 97 35 97 40 40 50 Overloaded Moves 52 | . . . . . . . . . . . . 13 3 . 1 35 . . . Propulsion Burnouts . | . . . . . . . . . . . . . . . . . . . . Robots Hopped 32 | . . . . . . . . . . . . 4 11 2 . 6 6 . 3 Cave-ins Triggered 1 | . . . . . . . . . . . . 1 . . . . . . . Exploration Rate (%) 58 | 3 98 95 88 44 59 93 40 87 25 90 23 34 84 72 80 53 38 8 65 Regions Visited 19 Branch Regions 8 Pre-discovered Areas . | . . . . . . . . . . . . . . . . . . . . Known Exits Taken 9 | . . . . . . . 1 . 1 . 1 . 1 1 1 1 1 1 . Unknown Exits Taken 8 | 1 1 1 1 1 1 1 . . . . . 1 . . . . . . . Scrap Searched . | . . . . . . . . . . . . . . . . . . . . Spaces Dug 154 | . 2 . . . . . . 11 13 11 13 20 16 2 . 22 31 5 8 Terrain Destroyed 1954 | . 79 78 24 . . . 87 89 369 75 420 21 16 2 . 23 617 34 20 Melee 130 | . 2 . . . . . . 11 10 8 . 19 16 2 . 21 28 5 8 Projectile 221 | . 4 . 2 . . . . . 113 38 49 2 . . . 2 10 . 1 AOE 1603 | . 73 78 22 . . . 87 78 246 29 371 . . . . . 579 29 11 Terrain Rammed . | . . . . . . . . . . . . . . . . . . . . Walls Destroyed . | . . . . . . . . . . . . . . . . . . . . Machines Disabled . | . . . . . . . . . . . . . . . . . . . . Actions | -11 -10 -10 -9 -9 -9 -8 -8 -8 -7 -7 -7 -6 -6 -6 -6 -6 -5 -4 -4 --------- Run | Jun Mat Min Mat Min Exi Min Mat Gar Fac Gar Fac Fac Ext Cet Arc Hub Fac Fac Gar Total 16317 | 18 1362 552 1302 210 203 851 798 881 1141 1062 644 1154 2267 215 124 687 1597 157 1092 Wait 2166 | . 179 7 103 . . 41 149 69 93 224 94 72 539 1 6 139 191 7 252 Move 11953 | 18 991 495 949 189 202 734 435 648 828 712 388 1028 1507 196 99 446 1269 138 681 Hop 30 | . . . . . . . . . . . . 4 9 2 . 6 6 . 3 Pick Up 40 | . . 2 5 . . . 2 11 2 6 . 2 . . . . 3 . 7 Fast Attach 12 | . . . 3 . . 1 1 2 4 . 1 . . . . . . . . Attach 85 | . . . 4 . . . 3 2 1 2 1 . 25 4 3 17 10 1 12 Detach 93 | . 1 . 8 2 . 1 6 3 4 2 3 . 22 6 3 15 9 1 7 Swap 41 | . 5 . 13 . . . 5 12 1 2 1 1 1 . . . . . . Drop 72 | . . 1 14 6 1 2 4 12 7 13 9 3 . . . . . . . Fire 1282 | . 178 46 198 13 . 72 175 87 173 85 147 3 25 1 3 5 50 2 19 Melee 402 | . 8 . 5 . . . 18 35 27 16 . 21 85 5 10 59 58 8 47 Ram 33 | . . . . . . . . . . . . . . . . . . . 33 Kick . | . . . . . . . . . . . . . . . . . . . . Crush 2 | . . 1 . . . . . . 1 . . . . . . . . . . Escape Stasis 98 | . . . . . . . . . . . . 20 53 . . . . . 25 Rewire 8 | . . . . . . . . . . . . . 1 . . . 1 . 6 Trap . | . . . . . . . . . . . . . . . . . . . . Miscellaneous . | . . . . . . . . . . . . . . . . . . . . Route ------- -11/Junkyard -10/Materials (discovered 4 exits: *Mat x3 / [*Min]) -10/Mines (discovered 2 exits: *Mat x2) -9/Materials (discovered 5 exits: *Mat x3 / *Min / [*Sto]) -9/Mines (discovered 3 exits: *Mat x2 / *Exi) -9/Exiles -8/Mines (discovered 2 exits: *Mat x2) -8/Materials (discovered 2 exits: *Fac / Gar) -8/Garrison (discovered 3 exits: *Fac x3) -7/Factory (discovered 2 exits: *Fac / Gar) -7/Garrison (discovered 3 exits: *Fac x3) -7/Factory -6/Factory (discovered 3 exits: *Fac / *Ext / Gar) -6/Extension (discovered 3 exits: *Fac x2 / *Cet) -6/Cetus (discovered 2 exits: *Fac / *Arc) -6/Archives (discovered 2 exits: *Hub x2) -6/Hub_04(d) (discovered 4 exits: *Fac x4) -5/Factory (discovered 6 exits: *Fac x4 / *Upp x2) -4/Factory -4/Garrison (discovered 2 exits: [*Res x2]) History --------- Turn | Location | Event 8 | -11/Junkyard | Discovered new exit (range 15) 30 | -11/Junkyard | Entered Materials 249 | -10/Materials | Central database locked down 274 | -10/Materials | Discovered new exit (range 10) 316 | -10/Materials | Build established: Mutant 338 | -10/Materials | Discovered new exit (range 10) 714 | -10/Materials | Discovered new exit (range 15) 1036 | -10/Materials | Discovered new exit (range 6) 2287 | -10/Materials | Entered Mines 2977 | -10/Mines | A weapon hastily lodged in a ceiling crevice suddenly fell to the ground 3047 | -10/Mines | Discovered new exit (range 14) 3152 | -10/Mines | Discovered new exit (range 9) 3229 | -10/Mines | Entered Materials 3229 | -9/Materials | Evolved 2 slots: Utility x2 3620 | -9/Materials | Discovered new exit (range 8) 3728 | -9/Materials | Destroyed 8 combat bots 3748 | -9/Materials | Discovered new exit (range 4) 4157 | -9/Materials | Discovered new exit (range 10) 4429 | -9/Materials | First assault squad dispatched 4909 | -9/Materials | Core integrity fell below 50% 4911 | -9/Materials | Discovered new exit (range 15) 4963 | -9/Materials | Sterilization system engaged 4963 | -9/Materials | Non-combat units ordered to evacuate 5063 | -9/Materials | Combat units ordered to evacuate 5263 | -9/Materials | Ambient heat levels rising (+10) 5268 | -9/Materials | Discovered new exit (range 9) 5300 | -9/Materials | Entered Mines 5306 | -9/Mines | Discovered new exit (range 16) 5393 | -9/Mines | Discovered new exit (range 4) 5432 | -9/Mines | Found a hidden stash of uninstalled traps 5537 | -9/Mines | Found the Drone Emporium 5601 | -9/Mines | Deemed a non-threat by the Exiles lab entrance 5601 | -9/Mines | Discovered new exit (range 5) 5607 | -9/Mines | Entered Exiles 5643 | -9/Exiles | Met 8R-AWN 5669 | -9/Exiles | Met EX-HEX 5709 | -9/Exiles | Met EX-BIN 5727 | -9/Exiles | Aligned with FarCom system 5728 | -9/Exiles | Given EX-Vault access code 5762 | -9/Exiles | Opened EX-Vault 5794 | -9/Exiles | Warned to stay clear of 0b10 Research branches 5834 | -9/Exiles | Met EX-DEC 5882 | -9/Exiles | Discovered new exit (range 14) 5901 | -9/Exiles | Entered Mines 6131 | -8/Mines | Discovered new exit (range 7) 6578 | -8/Mines | Discovered new exit (range 14) 7134 | -8/Mines | Entered Materials 7134 | -8/Materials | Evolved 2 slots: Weapon x2 7821 | -8/Materials | Central database locked down 8192 | -8/Materials | Garrison activated, responded to threat 8230 | -8/Materials | Discovered new exit (range 16) 8263 | -8/Materials | Destroyed 9 combat bots 8334 | -8/Materials | First assault squad dispatched 8415 | -8/Materials | Identified exit to Garrison 8420 | -8/Materials | Destroyed 14 combat bots 8437 | -8/Materials | Entered Garrison 8512 | -8/Garrison | Triggered checkpoint 8777 | -8/Garrison | Triggered checkpoint 8790 | -8/Garrison | Core integrity fell below 50% 8812 | -8/Garrison | Triggered checkpoint 8831 | -8/Garrison | Destroyed 7 combat bots 8947 | -8/Garrison | Discovered new exit (range 11) 9032 | -8/Garrison | Triggered checkpoint 9084 | -8/Garrison | Build established: Hacker-Skirmisher 9089 | -8/Garrison | Garrison Relay disabled 9142 | -8/Garrison | Discovered new exit (range 15) 9142 | -8/Garrison | Discovered new exit (range 71) 9142 | -8/Garrison | Discovered new exit (range 76) 9203 | -8/Garrison | Installed Relay Interface Framework 9360 | -8/Garrison | Triggered checkpoint 9432 | -8/Garrison | Triggered checkpoint 9434 | -8/Garrison | Garrison Relay disabled 9472 | -8/Garrison | Garrison Relay disabled 9555 | -8/Garrison | Triggered checkpoint 9701 | -8/Garrison | Rescued a captive Derelict 9702 | -8/Garrison | Rescued a captive Derelict 9762 | -8/Garrison | Triggered checkpoint 9790 | -8/Garrison | Garrison Relay disabled 9832 | -8/Garrison | Entered Factory 9832 | -7/Factory | Accompanied by 2 allies 9832 | -7/Factory | Evolved 2 slots: Propulsion x1, Utility x1 10232 | -7/Factory | First assault squad dispatched 11338 | -7/Factory | Discovered new exit (range 12) 11466 | -7/Factory | Identified exit to Factory 11593 | -7/Factory | Garrison activated, responded to threat 11656 | -7/Factory | Identified exit to Garrison 11666 | -7/Factory | Entered Garrison 11788 | -7/Garrison | Triggered checkpoint 11826 | -7/Garrison | Garrison Relay disabled 11944 | -7/Garrison | Triggered checkpoint 12289 | -7/Garrison | Discovered new exit (range 8) 12322 | -7/Garrison | Triggered checkpoint 12362 | -7/Garrison | Garrison Relay disabled 12408 | -7/Garrison | Garrison Relay disabled 12492 | -7/Garrison | Core integrity fell below 50% 12679 | -7/Garrison | Garrison Relay disabled 12913 | -7/Garrison | Discovered new exit (range 15) 13118 | -7/Garrison | Triggered checkpoint 13124 | -7/Garrison | Discovered new exit (range 49) 13124 | -7/Garrison | Discovered new exit (range 23) 13124 | -7/Garrison | Discovered new exit (range 43) 13178 | -7/Garrison | Lost 3 parts (3n) 13179 | -7/Garrison | Expanded RIF knowledge: Hotswap 13214 | -7/Garrison | Garrison Relay disabled 13253 | -7/Garrison | Entered Factory 13567 | -7/Factory | High security lockdown imminent 13615 | -7/Factory | Build established: Bothacker-Mutant 13647 | -7/Factory | High security lockdown engaged 13818 | -7/Factory | Garrison activated, responded to threat 13844 | -7/Factory | Core integrity fell below 20% 13912 | -7/Factory | Destroyed 35 combat bots 13916 | -7/Factory | Lost 11 parts (2n3u6w) 14060 | -7/Factory | Discovered exit to Factory (range 7) 14063 | -7/Factory | Entered another Factory area 14063 | -6/Factory | Evolved 2 slots: Power x1, Utility x1 14124 | -6/Factory | Build established: Mutant 14374 | -6/Factory | Identified exit to Garrison 14391 | -6/Factory | Identified exit to DSF 14413 | -6/Factory | First assault squad dispatched 14603 | -6/Factory | Crushed by falling debris 14606 | -6/Factory | Discovered new exit (range 4) 14732 | -6/Factory | Discovered new exit (range 11) 14735 | -6/Factory | Entered Extension 14745 | -6/Extension | Disrupted transfer network 15085 | -6/Extension | First assault squad dispatched 15319 | -6/Extension | Spotted B-75 Beast 15447 | -6/Extension | Allies destroyed B-75 Beast 15456 | -6/Extension | Spotted B-75 Beast 15478 | -6/Extension | Rewired B-75 Beast 15495 | -6/Extension | Discovered new exit (range 3) 15497 | -6/Extension | Identified exit to Factory 15788 | -6/Extension | Build established: Bothacker-Sprinter 15921 | -6/Extension | Discovered exit to Factory (range 16) 15922 | -6/Extension | Discovered new exit (range 15) 16000 | -6/Extension | Identified exit to Cetus 16000 | -6/Extension | Entered Cetus 16017 | -6/Cetus | Spotted Cetus Guard 16017 | -6/Cetus | Spotted Cetus Guard 16019 | -6/Cetus | Spotted Cetus Guard 16026 | -6/Cetus | Discovered exit to Factory (range 16) 16035 | -6/Cetus | Spotted Cetus Guard 16074 | -6/Cetus | Discovered new exit (range 15) 16079 | -6/Cetus | Identified exit to Archives 16087 | -6/Cetus | Spotted Cetus Guard 16095 | -6/Cetus | Entered Archives 16109 | -6/Archives | Met Zhirov 16111 | -6/Archives | Unable to access archive contents 16115 | -6/Archives | Reinforcements dispatched to Archives 16118 | -6/Archives | Discovered new exit (range 16) 16121 | -6/Archives | Read partially decrypted archive contents 16128 | -6/Archives | Discovered new exit (range 14) 16137 | -6/Archives | Identified exit to Hub_04(d) 16143 | -6/Archives | Unable to access archive contents 16160 | -6/Archives | Reinforcements dispatched to Archives 16162 | -6/Archives | Zhirov warped through subspace 16166 | -6/Archives | Core integrity fell below 50% 16170 | -6/Archives | Entered Hub_04(d) 16418 | -6/Hub_04(d) | Network Hub disabled 16418 | -6/Hub_04(d) | Network Hub disabled 16437 | -6/Hub_04(d) | Discovered exit to Factory (range 12) 16458 | -6/Hub_04(d) | Discovered exit to Factory (range 10) 16480 | -6/Hub_04(d) | Discovered exit to Factory (range 12) 16480 | -6/Hub_04(d) | Spotted Lightning 16482 | -6/Hub_04(d) | Spotted Lightning 16484 | -6/Hub_04(d) | Spotted Lightning 16494 | -6/Hub_04(d) | Core integrity fell below 20% 16520 | -6/Hub_04(d) | First assault squad dispatched 16531 | -6/Hub_04(d) | Identified exit to Garrison 16549 | -6/Hub_04(d) | Build established: Bothacker-Mutant 16594 | -6/Hub_04(d) | Discovered exit to Factory (range 7) 16608 | -6/Hub_04(d) | Entered Factory 16608 | -5/Factory | Evolved 2 slots: Propulsion x2 16692 | -5/Factory | Identified exit to DSF 16812 | -5/Factory | Discovered new exit (range 9) 16826 | -5/Factory | Identified exit to Upper Caves 16908 | -5/Factory | First assault squad dispatched 16971 | -5/Factory | Build established: Bothacker-Sprinter 17105 | -5/Factory | Discovered exit to Upper Caves (range 24) 17128 | -5/Factory | Identified exit to Garrison 17144 | -5/Factory | Garrison activated, responded to threat 17279 | -5/Factory | Identified exit to Factory 17420 | -5/Factory | Core integrity fell below 50% 17420 | -5/Factory | Entered another Factory area 17420 | -4/Factory | Evolved 2 slots: Utility x2 17438 | -4/Factory | Lost 5 parts (1p3n1u) 17502 | -4/Factory | Identified exit to Garrison 17504 | -4/Factory | Entered Garrison 17542 | -4/Garrison | Triggered checkpoint 17547 | -4/Garrison | Garrison Relay disabled 17700 | -4/Garrison | Lost 4 parts (1p1n2w) 17816 | -4/Garrison | Triggered checkpoint 17846 | -4/Garrison | Core integrity fell below 50% 17865 | -4/Garrison | Discovered new exit (range 9) 17880 | -4/Garrison | Triggered checkpoint 17885 | -4/Garrison | Core integrity fell below 20% 17903 | -4/Garrison | Garrison Relay disabled 17922 | -4/Garrison | Lost 7 parts (2n2u3w) 17997 | -4/Garrison | Triggered checkpoint 18120 | -4/Garrison | Build established: Mutant 18270 | -4/Garrison | Discovered new exit (range 10) 18290 | -4/Garrison | Destroyed by Y-64 Sentinel with Wave Gun Last Messages --------------- 18141_ System corrupted: Heat flow error (+256). 18142_ Acquired 2 matter. 18143_ Acquired 5 matter. 18170_ System corrupted: Energy discharge (-21). 18231_ System corrupted: Matter fused (-10). [DISCOUNT: For the next 86 turns enjoy 50% off any Slashing Weapon!] [Purchased: Phasing Sabre] 18253_ System corrupted: Heat flow error (+249). 18270_ EXIT=FOUND 18275_ System corrupted: Component data lost. 18279_ Detecting nearby RIF Installer. 18283_ Connecting with Door Terminal... >>Open(Door) Sealed Heavy Doors opened. 18283_ Attempting to rewire FL-D0A(h). 18286_ Attempting to rewire OL-JMH(g). 18287_ Y-64 Sentinel springs to life. 18287_ Attempting to rewire OL-JMH(g). 18288_ Y-64 Sentinel springs to life. 18288_ Attempting to rewire OL-JMH(g). Map ----- +----------------------------------------------------+ | | | | | | | | | ???????????????????????????????? | | ???????????????????????????????? | | ???????????????????????????????? | | ???????????????????????????????? | | ???????????????????????????????? | | ???????????????????????????????? | | ???????????????????????????????? | | ???????????????????????????????? | | ???????????????????????????????? | | ???????????????????????????????? | | ???????????##??????????????????? | | ??????????# ??????????????????? | | ?????????? #?????????????????? | | ?????????? #?????????????????? | | ?????????? #?????????????????? | | ??????????# #?????????????????? | | ??????????# #?????????????????? | | ??????????# "C????????????????? | | ??????????# "?????????????????? | | ??????????# "?????????????????? | | ?????###### #?????????????????? | | ?????#g@ ## #?????????????????? | | ?????#h ## ################### | | ?????## ## | | ?????#TYY | | ?????# ########### < ######## | | ?????# #?????????# #??????? | | ?????######?????????#####??????? | | ???????????????????????????????? | | ???????????????????????????????? | | ???????????????????????????????? | | ???????????????????????????????? | | ???????????????????????????????? | | ???????????????????????????????? | | ???????????????????????????????? | | ???????????????????????????????? | | ???????????????????????????????? | | ???????????????????????????????? | | ?????""""??????????????????????? | | ?????"?????????????????????????? | | ?????""""??????????????????????? | | ???????????????????????????????? | | ???????????????????????????????? | | ???????????????????????????????? | | ???????????????????????????????? | | ???????????????????????????????? | +----------------------------------------------------+ Best States ------------- Heat Dissipation 61 Coolant Potential 65 Energy Generation 25 Energy Capacity 500 Matter Stores 300 Matter Capacity 300 Sight Range 16 Terrain Scan Range 24 Terrain Scan Density 1010 Additional Mass Support 12 Armor Coverage 600 Resistance: KI 30 Weapon Cycling 30 Melee Speed Boost 20 Evasion (%) 65 Targeting Accuracy 18 Melee Accuracy 16 Launcher Accuracy 20 Target Analysis 6 Recoil Reduction 3 Matter Filtering 30 Particle Charging 20 Kinecelleration 30 Offensive Hacking 33 Relay Coupler Types 4 Relay Coupler Value 107 Trap Extractor Capacity 6 Item Schematics ----------------- Arm. Wheel | -9/Materials | Extracted Lrg. Matter Pod | -9/Materials | Extracted Field Recycling Unit | -9/Materials | Extracted Hvy. Assault Rifle | -9/Materials | Extracted Imp. Light Cannon | -9/Materials | Extracted Carbon-fiber Leg | -8/Materials | Extracted Beam Cannon | -8/Materials | Extracted Weight Redist. System | -7/Factory | Extracted Lightning Gun | -7/Factory | Extracted Imp. Shield Generator | -7/Factory | Extracted Salvage Targeting Computer | -6/Factory | Extracted Flak Gun | -5/Factory | Extracted Enh. Coil Gun | -5/Factory | Extracted Disruptor Cannon | -5/Factory | Extracted Robot Schematics ------------------ None Fabricated ------------ Nothing Alien Tech Used ----------------- None Achievements -------------- None Challenges ------------ None Cogshop Purchases (179) ------------------------- Imp. Assault Rifle (699) Imp. Assault Rifle (699) Lgt. Ion Engine (599) Imp. Targeting Computer (699) Med. Armor Plating (699) Imp. Treads (874) Imp. Treads (887) Med. Armor Plating (987) Lgt. Ion Engine (587) Battle Cannon (696) Battle Cannon (696) Datajack (287) Imp. Targeting Computer (769) Imp. Targeting Computer (449) Imp. Targeting Computer (449) Maul (573) Med. Armor Plating (341) Med. Armor Plating (341) Cooling System (257) Minigun (599) Minigun (599) Adv. Targeting Computer (759) Adv. Targeting Computer (759) Hacking Suite (932) Hvy. Ion Engine (803) Adv. Treads (985) Adv. Treads (985) Hacking Suite (452) Hacking Suite (452) System Shield (452) Minigun (677) Hrd. Medium Armor Plating (712) Hvy. Deuterium Engine (Loot Box) Gatling Laser (Loot Box) Impact Mace (Loot Box) Imp. Shield Generator (Loot Box) Particle Charger (Loot Box) Coil Gun (Loot Box) Spear (Loot Box) Wheel (Loot Box) Cld. Deuterium Engine (Loot Box) Mic. Nuclear Core (Loot Box) Imp. VTOL Module (Loot Box) Enh. Nuclear Core (Loot Box) Med. Matter Pod (Loot Box) Shotgun (Loot Box) Imp. Medium Laser (Loot Box) Visual Processing Unit (Loot Box) Imp. Light Armor Plating (Loot Box) Cooling System (Loot Box) Coolant Injector (Loot Box) Gauss Cannon (Loot Box) Med. Laser (Loot Box) Hvy. EM Pulse Gun (Loot Box) Cesium-ion Thruster (Loot Box) Adv. Treads (1330) Enh. Autogun (606) Enh. Autogun (606) Enh. Autogun (606) Enh. Autogun (606) Enh. Autogun (606) Enh. Autogun (606) Enh. Autogun (606) Enh. Autogun (606) Adv. Targeting Computer (876) Kinecellerator (763) Weapon Cycler (763) Adv. Treads (840) Weapon Cycler (928) Mak. Hacking Suite (1257) System Restoration Module (934) Med. Reactive Plating (729) Imp. Cooling System (960) Adv. Treads (899) Med. Treads (1085) Med. Reactive Plating (936) Imp. Cooling System (1146) Mak. Hacking Suite (1262) Mak. Hacking Suite (1262) Impact Mace (1295) Mak. Hacking Suite (1648) Mni. Grenade Launcher (858) Med. Treads (1309) Med. Treads (1494) Weapon Cycler (1121) Adv. Targeting Computer (679) Lyr. Medium Armor Plating (1229) Spk. Medium Treads (2213) Kinetic Spear (Loot Box) Imp. Sensor Array (Loot Box) Coolant Injector (Loot Box) Thermal Shield (Loot Box) Hvy. Machine Gun (Loot Box) Imp. Weapon Cycler (Loot Box) Imp. Trap Extractor (Loot Box) Hrd. Medium Armor Plating (Loot Box) Cmb. Gravmag System (Loot Box) Imp. Focal Shield (Loot Box) Hvy. Plasma Cannon (Loot Box) Imp. Particle Charger (Loot Box) Enh. Coil Gun (Loot Box) Cld. Cesium-ion Thruster (Loot Box) Recoil Nullifier (Loot Box) Missile Launcher (Loot Box) Field Propulsion Array (Loot Box) Gravmag Array (Loot Box) Melee Analysis Suite (Loot Box) Imp. Antigrav System (Loot Box) Imp. Target Analyzer (Loot Box) Hvy. Flak Cannon (907) Spk. Medium Treads (1967) Spk. Medium Treads (1967) Adv. Assault Cannon (1045) Imp. Cooling System (1066) Adv. Signal Interpreter (1266) Antimatter Cannon (1308) Antimatter Cannon (1308) Antimatter Cannon (1308) Lrn. Missile Launcher (1517) Lrn. Tractor Beam (985) Kinecellerator (1108) Matter Filter (1217) Enh. Nuclear Core (593) Matter Filter (1469) Remote Datajack (728) Fission Core (669) Arm. Huge Wheel (611) F-cell Engine (812) Arm. Wheel (512) Imp. Heavy Armor Plating (808) Launcher Guidance Computer (1007) Adv. Targeting Computer (920) Prc. Rocket Launcher (2566) Coolant Injector (1529) Cld. Plasma Cannon (2107) Cld. Plasma Cannon (2107) Spk. Medium Treads (1184) Spk. Medium Treads (1184) Imp. Particle Charger (1700) Cld. Plasma Cannon (2107) Imp. Heavy Armor Plating (913) Recalibrator (1529) F-cell Engine (969) Cld. VTOL Module (936) Cld. VTOL Module (936) Mak. Hammer (664) Imp. Surge Thruster (1504) Cld. Plasma Rifle (751) Imp. Datajack (644) Mak. Power Source (1029) Mak. Spear (887) Mak. Sword (1439) Imp. Remote Datajack (979) Cld. Plasma Rifle (790) Cld. Plasma Rifle (790) Cld. Plasma Rifle (898) Adv. Signal Interpreter (1089) Lgt. Neutrino Core (734) Gravity Neutralizer (1379) Imp. Particle Charger (1219) Mic. Fission Core (1155) Biomechanical Wings (1551) Adv. Melee Analysis Suite (1120) Adv. Melee Analysis Suite (1120) Microactuators (935) Cld. VTOL Module (1361) Cld. VTOL Module (1361) Mic. Fission Core (1201) Lrn. Terrain Scanner (1540) Exp. Terrain Scan Processor (3057) Exp. Hacking Suite (3422) Exp. Hacking Suite (3422) Cld. Nuclear Pulse Thruster (1848) Field Propulsion Array (2091) Fusion Compressor (1054) Cld. Gravmag System (1089) Mak. Spear (794) Fusion Bomb Launcher (Loot Box) Phasing Sabre (593) Game ------ Seed ProcessingTerrabombSaw Manual? 0 Play Time 04:08:53 Cumulative 335.7 hours Start 2023.02.17 @ 16:27:13 End 2023.02.18 @ 11:13:14 Sessions 1 Manual Loads 0 Difficulty Rogue Special Mode AFD2019/Pay2Buy Game No. 401 Rogue 401 Adventurer 0 Explorer 0 Win Type - Total 0 Types 0/0/0/0/0/0/0/0/0 Lore% 49 Gallery% 72 Achievement% 60 Wizard Run 0 Options --------- ASCII 0 Keyboard 0 Movement Mouse Keybinds 0 Fullscreen 2 Font 24/Smallcaps Map View 76x50 Tactical HUD 1 Map Filters NONE Filters NONE Steam 1 RUN: 2275c615-874c-4a53-8232-b3342beab333